AoeStats
← The Kombucha Mushroom People

Arabia

509924983Analyzed
1v1 RM · 4d ago on Sep 28, 2026· 37m 56s· 2 players
Game mode
Random Map
Map size
Tiny (2 player)
Population
200
Speed
Normal
Resources
Standard
Victory
Conquest
Starting age
Dark Age
Ending age
Imperial Age
RankedLock teamsTeams togetherTeam positionsShared explorationLock speedFull tech treeHidden civsTurbo modeCheats
Victory
Defeat
🇬🇧 Persians · United Kingdom
1517
+15
🇨🇦 Persians · Canada
1497
-15
mini_mike
7:38 Loom
9:39 Feudal Age
10:40 Double-Bit Axe
11:20 Horse Collar
17:39 Fletching
18:30 Padded Archer Armor
25:30 Castle Age
24:14 Gold Mining
25:24 Elite Skirmisher
26:00 Bodkin Arrow
25:31 Crossbowman
29:16 Husbandry
29:27 Bloodlines
29:23 Scale Barding Armor
33:50 Town Watch
35:18 Chain Barding Armor
The Kombucha Mushroom People
6:05 Loom
8:32 Feudal Age
17:32 Fletching
21:20 Double-Bit Axe
25:32 Castle Age
23:51 Padded Archer Armor
23:47 Horse Collar
24:19 Gold Mining
25:54 Bodkin Arrow
25:19 Crossbowman
34:23 Scale Barding Armor
35:15 Bloodlines
35:33 Husbandry
Connection lost

Rejoining the realm…

Still unreachable

The connection could not be restored.

Session expired

The server has moved on; the page needs a fresh start.